 Dungeon Crawl Stone Soup version 0.18.1-8-gdd0e5ea (webtiles) character file.

34945 Krapule the Summoner (level 13, -20/86 HPs)
             Began as a Vampire Summoner on May 30, 2016.
             Was the Champion of Kikubaaqudgha.
             Killed from afar by an orc sorcerer (38 damage)
             ... with a bolt of fire
             ... on level 2 of the Orcish Mines.
             The game lasted 03:41:57 (26294 turns).

Krapule the Summoner (Vampire Summoner)            Turns: 26294, Time: 03:41:58

Health: -20/86     AC: 14    Str: 11    XL:     13   Next: 44%
Magic:  9/26       EV: 22    Int: 20    God:    Kikubaaqudgha [******]
Gold:   1566       SH:  2    Dex: 21    Spells: 8 memorised, 4 levels left

rFire  . . .     SeeInvis +     b - +0 trident (vamp)
rCold  . . .     Gourm    .     c - +2 robe {Archmagi}
rNeg   . . .     Faith    .     (no shield)
rPois  .         Spirit   .     L - +2 hat
rElec  .         Dismiss  .     f - +1 cloak
rCorr  .         Reflect  +     X - +2 pair of gloves {Str+3}
SustAt .         Harm     .     K - +2 pair of boots {run}
MR     +....                    s - +2 amulet of reflection
Stlth  ++++......               F - ring of wizardry
                                Q - +5 ring of dexterity

@: about to teleport, very slightly contaminated, regenerating quickly, drained,
quick, somewhat resistant to hostile enchantments, stealthy
A: fangs 3, see invisible, unbreathing
a: Receive Corpses, Torment, Brand Weapon With Pain, Receive Necronomicon,
Renounce Religion


You were on level 2 of the Orcish Mines.
You worshipped Kikubaaqudgha.
Kikubaaqudgha was exalted by your worship.
You were very full.

You visited 4 branches of the dungeon, and saw 23 of its levels.

You collected 1797 gold pieces.
You spent 231 gold pieces at shops.

Inventory:

Hand Weapons
 b - a +0 vampiric trident (weapon)
Armour
 c - a +2 robe of the Archmagi (worn)
 f - a +1 cloak (worn)
 l - a +2 ring mail of poison resistance
 K - a +2 pair of boots of running (worn)
 L - a +2 hat (worn)
 X - a +2 pair of gloves of strength (worn)
Magical Staves
 a - an uncursed staff of energy
 p - an uncursed staff of power
Jewellery
 s - a +2 amulet of reflection (around neck)
 u - an uncursed amulet of dismissal
 B - an uncursed ring of stealth
 F - a ring of wizardry (right hand)
 G - a +5 ring of strength
 J - an uncursed ring of flight
 O - an uncursed ring of teleportation
 Q - a +5 ring of dexterity (left hand)
Wands
 v - a wand of iceblast (6/15)
 x - a wand of heal wounds (3/9)
 D - a wand of digging (5/24)
 E - a wand of acid (3/15)
Scrolls
 d - a scroll of enchant armour
 g - 10 scrolls of identify
 i - 3 scrolls of fear
 j - 7 scrolls of teleportation
 M - a scroll of fog
 N - 3 scrolls of remove curse
 Z - a scroll of magic mapping
Potions
 e - 5 potions of heal wounds
 h - 8 potions of curing
 k - 3 potions of brilliance
 m - a potion of blood
 o - 3 potions of flight
 q - a potion of might
 r - 5 potions of haste
 w - a potion of cancellation
 z - 3 potions of agility
 A - a potion of ambrosia
 H - 2 potions of berserk rage
 I - 5 potions of lignification
 R - 3 potions of magic
 S - a potion of resistance


   Skills:
 - Level 3.0(2.6) Fighting
 - Level 3.0(2.6) Armour
 + Level 11.3(10.9) Dodging
 - Level 5.0(4.6) Stealth
 - Level 9.0(8.6) Spellcasting
 + Level 4.8(4.4) Charms
 + Level 14.5(14.0) Summonings
 + Level 9.3(8.9) Necromancy
 - Level 4.0(3.6) Air Magic


You had 4 spell levels left.
You knew the following spells:

 Your Spells              Type           Power        Failure   Level  Hunger
a - Summon Butterflies    Summ           #######.     1%          1    None
b - Call Imp              Summ           #######.     1%          2    None
c - Call Canine Familiar  Summ           #######.     1%          3    None
d - Sublimation of Blood  Necr           ######....   1%          2    None
e - Regeneration          Chrm/Necr      ######....   1%          3    None
f - Summon Lightning Spi  Summ/Air       ######..     1%          4    ###....
g - Animate Dead          Necr           N/A          1%          4    ###....
h - Summon Hydra          Summ           #######...   10%         7    #######


Dungeon Overview and Level Annotations

Branches:
Dungeon (12/15)            Temple (1/1) D:7            Lair (8/8) D:10
  Swamp (0/4) Lair:6       Spider (0/4) Lair:3        Slime (0/6) Lair:8
    Orc (2/2) D:12            Elf (0/3) Orc:2

Altars:
Ashenzari
Cheibriados
Dithmenos
Elyvilon
Fedhas
Gozag
Kikubaaqudgha
Makhleb
Nemelex Xobeh
Okawaru
Pakellas
Qazlal
Ru
Sif Muna
Trog
Vehumet
Xom
Yredelemnul
Zin
The Shining One
Beogh

Shops:
D:6 [   D:8 *   D:10 %   Orc:2 !:?}

Annotations:
D:9 exclusion: ice statue
D:12 ReniFell's ghost, journeyman MiFi
Lair:1 manyhoops's ghost, journeyman OgBe
Orc:2 Nergalle


Innate Abilities, Weirdness & Mutations

Your natural rate of healing is unusually fast.
You have razor-sharp teeth.
You have supernaturally acute eyesight.
You can survive without breathing.


Message History

The sixfirhy closely misses you. The sixfirhy barely misses you.
The rust devil disappears in a puff of smoke!
The sixfirhy hits you but does no damage.
Your warg bites the sixfirhy!
The sixfirhy misses you.
The orc wizard points at you and mumbles some strange words.
The magic dart hits you!
Read which item? (? for menu, Esc to quit)
As you read the scroll of teleportation, it crumbles to dust.
You feel strangely unstable. The sixfirhy hits you.
* * * LOW HITPOINT WARNING * * *
The sixfirhy shocks you!
* * * LOW HITPOINT WARNING * * *
Your warg completely misses the sixfirhy.
Your warg misses the sixfirhy.
The sixfirhy disappears in a puff of smoke!
Your warg bites the ogre!
The orc sorcerer points at you and mumbles some strange words.
The bolt of fire hits you!
You die...
Kikubaaqudgha rasps: "You have failed me!
Welcome... oblivion!"

# #≈..)))# .4... #.....≈# #
#≈..8.§# .... #))8..§# #
##≈...)§# ..∩ #≈....§#
#≈≈≈.o.≈###############§)..§§§
#≈§§≈..§§≈≈≈≈≈≈≈§≈≈≈≈§≈≈)§§§§§
#≈≈§≈..o§..............§.§§§≈§
#§≈§§.).)o...........)..)§§≈§≈
#≈≈§§§..#......8......#§...≈§§
##≈§8.O≈#§.§#@....#..≈#≈..8§≈#
#≈≈#..≈#§.O#≈...≈#..≈#≈..#§§#
#≈≈#..≈#§.h#≈...≈#..≈#≈..#≈≈#
##
#≈###.§#..##≈..§≈##..#..###≈#
.## ## #.....#≈≈..§≈§#.....# #
..# ###∩###≈≈.§§§§###∩### ###
###≈≈≈≈.§.§≈≈≈###§ #
≈≈≈##≈.))§##§§≈≈§
≈≈≈##≈...§##≈§≈§§


You could see an orc sorcerer and an orc wizard.

Vanquished Creatures
  Gastronok (D:8)
  A hydra (Lair:8)
  Erolcha (D:8)
  Erica (D:9)
  A death yak (Lair:8)
  An orb spider (Lair:3)
  An elephant (Lair:8)
  A centaur skeleton (D:11)
  Grinder (D:3)
  A blink frog (Lair:2)
  A wraith (D:10)
  A wyvern (Lair:6)
  A yak (D:9)
  A basilisk (Lair:3)
  5 hippogriffs
  6 porcupines
  4 water moccasins
  A sky beast (D:7)
  A phantom (D:4)
  An ice beast (D:9)
  An orc warrior (Orc:1)
  3 ogres
  2 centaurs
  4 crocodiles
  A big kobold (D:9)
  8 giant frogs
  A wyvern zombie (D:10)
  2 scorpions
  A killer bee (D:8)
  2 wights
  A crimson imp (D:11)
  2 giant frog zombies
  6 hounds
  A quasit (D:9)
  A centaur zombie (D:5)
  An orc priest (Orc:2)
  4 jellies
  7 orc wizards
  3 giant frog skeletons
  Natasha (D:3)
  A worker ant (D:6)
  6 sheep
  A hound zombie (D:4)
  A worker ant zombie (D:10)
  A howler monkey zombie (D:7)
  A gnoll (Orc:1)
  6 adders
  39 river rats
  A shadow imp (D:5)
  A worm (D:2)
  3 dart slugs
  3 giant geckos
  14 orcs
  8 giant cockroaches
  8 goblins
  5 hobgoblins
  A jackal (D:2)
  12 kobolds
  A quokka (D:7)
  2 ball pythons
  7 bats
  A giant gecko zombie (D:5)
  4 giant newts
  A jackal skeleton (D:5)
  12 rats
  A plant (D:10)
225 creatures vanquished.

Vanquished Creatures (collateral kills)
  A salamander stormcaller (D:11)
  Josephine (D:10)
  9 hydras
  An ogre mage (Orc:2)
  A centaur warrior (D:11)
  A deep troll shaman (Lair:8)
  A catoblepas (Lair:8)
  7 death yaks (Lair:8)
  Urug (D:10)
  2 unseen horrors (D:11)
  Pikel (D:5)
  A hornet (D:11)
  2 cyclopes
  4 orc sorcerers (Orc:2)
  A griffon (Lair:8)
  6 elephants (Lair:8)
  7 black mambas
  Psyche (D:11)
  8 spiny frogs
  2 rime drakes
  6 komodo dragons
  5 trolls
  A polar bear (Lair:8)
  A giant leech (Lair:6)
  21 blink frogs
  Eustachio (D:4)
  14 yaks
  2 wraiths (D:10)
  2 wyverns
  A hungry ghost (D:7)
  Grum (D:11)
  2 basilisks (Lair:7)
  3 hippogriffs
  3 vampire mosquitoes (D:12)
  A soldier ant (D:11)
  9 water moccasins
  A porcupine (Lair:6)
  An ice beast (D:5)
  2 sky beasts (D:6)
  A slave (D:5)
  9 orc warriors
  A necrophage (D:5)
  A black bear (Lair:2)
  4 phantoms
  10 wolves
  7 ogres
  5 centaurs
  2 big kobolds
  18 crocodiles
  7 giant frogs
  A gnoll sergeant (D:7)
  2 scorpions
  5 killer bees
  2 electric eels
  13 wights
  A howler monkey (D:5)
  5 crimson imps
  A hound (D:11)
  2 jellies
  11 orc priests
  2 centaur skeletons
  9 iguanas
  32 orc wizards
  Jessica (D:3)
  Ijyb (D:2)
  Natasha (twice) (D:3)
  7 worker ants
  A killer bee zombie (D:6)
  21 sheep
  11 gnolls
  41 river rats
  8 adders
  A shadow imp (D:8)
  An adder skeleton (D:6)
  2 worms
  A giant gecko (D:6)
  44 orcs
  A ball python (D:4)
  3 giant cockroaches
  2 goblins
  2 hobgoblins
  A jackal (D:2)
  12 kobolds
  A bat (D:2)
  A giant gecko zombie (D:6)
  3 giant newts
  A quokka zombie (D:9)
  3 rats
  A spectral orc (D:9)
  3 fungi
  3 plants
465 creatures vanquished.

Vanquished Creatures (others)
  A quokka (D:5)
  10 fungi
  8 plants
19 creatures vanquished.

Grand Total: 709 creatures vanquished

Notes
Turn   | Place    | Note
--------------------------------------------------------------
     0 | D:1      | Krapule the Vampire Summoner began the quest for the Orb.
     0 | D:1      | Reached XP level 1. HP: 13/13 MP: 3/3
   712 | D:1      | Reached XP level 2. HP: 19/19 MP: 5/5
  1402 | D:2      | Reached XP level 3. HP: 25/25 MP: 4/6
  1554 | D:2      | Found a sacrificial altar of Ru.
  1841 | D:2      | Noticed Ijyb
  1874 | D:2      | Killed Ijyb
  1874 | D:2      | Reached skill level 1 in Fighting
  1938 | D:2      | Reached XP level 4. HP: 29/32 MP: 5/7
  2541 | D:3      | Noticed Natasha
  2554 | D:3      | Killed Natasha
  2660 | D:3      | Noticed Grinder
  2667 | D:3      | Learned a level 2 spell: Call Imp
  2689 | D:3      | Paralysed by Grinder for 6 turns
  2713 | D:3      | Killed Grinder
  2713 | D:3      | Reached skill level 1 in Armour
  2713 | D:3      | Reached skill level 5 in Summonings
  2713 | D:3      | Reached XP level 5. HP: 16/37 MP: 0/9
  2987 | D:3      | Noticed Natasha
  2996 | D:3      | Killed Natasha
  2996 | D:3      | Reached skill level 5 in Stealth
  3015 | D:3      | Noticed Natasha
  3016 | D:3      | Noticed Jessica
  3028 | D:3      | Killed Natasha
  3028 | D:3      | Reached XP level 6. HP: 37/43 MP: 5/10
  3035 | D:3      | Killed Jessica
  3727 | D:4      | Found a sacrificial altar of Ru.
  3832 | D:5      | Entered Level 5 of the Dungeon
  3919 | D:5      | Found an opulent altar of Gozag.
  3932 | D:5      | Noticed a slave
  4161 | D:4      | Reached XP level 7. HP: 35/48 MP: 8/12
  4362 | D:4      | Noticed Eustachio
  4492 | D:4      | Reached skill level 6 in Summonings
  4842 | D:4      | Killed Eustachio
  5023 | D:4      | Learned a level 3 spell: Call Canine Familiar
  5328 | D:5      | Noticed Pikel
  5347 | D:5      | Killed Pikel
  5347 | D:5      | Reached skill level 5 in Dodging
  5347 | D:5      | Reached skill level 7 in Summonings
  5347 | D:5      | Reached XP level 8. HP: 19/54 MP: 0/14
  5619 | D:5      | Found a blossoming altar of Fedhas.
  5950 | D:6      | Reached skill level 8 in Summonings
  6034 | D:6      | Found Vaseju's Antique Armour Shoppe.
  6038 | D:6      | Bought a pair of gloves for 103 gold pieces
  6255 | D:6      | Reached skill level 5 in Spellcasting
  6394 | D:6      | Found a radiant altar of Vehumet.
  6850 | D:6      | Found a snail-covered altar of Cheibriados.
  7053 | D:6      | Found an oddly glowing altar of Pakellas.
  7066 | D:6      | Reached skill level 9 in Summonings
  7134 | D:7      | Reached XP level 9. HP: 59/59 MP: 13/17
  7156 | D:7      | Found a staircase to the Ecumenical Temple.
  7171 | Temple   | Entered the Ecumenical Temple
  7222 | Temple   | Became a worshipper of Kikubaaqudgha
  7428 | D:7      | Found a burning altar of Makhleb.
  8365 | D:8      | Identified a +2 pair of boots of running (You found it on level 8 of the Dungeon)
  8417 | D:8      | Noticed Gastronok
  8440 | D:8      | Killed Gastronok
  8440 | D:8      | Reached skill level 10 in Summonings
  8553 | D:8      | Noticed a troll
  8804 | D:8      | Found Kahileg's Assorted Antiques.
  8812 | D:8      | Bought a scroll labeled NIOHIN YLIRR for 32 gold pieces
  8812 | D:8      | Bought a scroll of remove curse for 96 gold pieces
  8972 | D:8      | Killed a troll
  9241 | D:8      | Reached skill level 1 in Necromancy
  9331 | D:8      | Noticed Erolcha
  9347 | D:8      | Killed Erolcha
  9347 | D:8      | Reached XP level 10. HP: 69/69 MP: 13/19
  9557 | D:9      | Reached * piety under Kikubaaqudgha
  9557 | D:9      | Received a gift from Kikubaaqudgha
  9579 | D:9      | Identified Kikubaaqudgha's Catalogue of Black Rituals (Kikubaaqudgha gifted it to you on level 9 of the Dungeon)
  9671 | D:9      | Noticed Erica
  9703 | D:9      | Killed Erica
 10126 | D:9      | Learned a level 1 spell: Summon Butterflies
 10129 | D:9      | Learned a level 2 spell: Sublimation of Blood
 10140 | D:9      | Learned a level 3 spell: Regeneration
 10261 | D:9      | Found a blossoming altar of Fedhas.
 10292 | D:9      | Reached skill level 11 in Summonings
 10629 | D:9      | Noticed an ice statue
 10660 | D:9      | Reached ** piety under Kikubaaqudgha
 10820 | D:9      | Found a basalt altar of Yredelemnul.
 10962 | D:9      | Paralysed by a kobold for 5 turns
 11033 | D:9      | Learned a level 4 spell: Summon Lightning Spire
 11133 | D:10     | Entered Level 10 of the Dungeon
 11225 | D:10     | Noticed Josephine
 11319 | D:10     | Killed Josephine
 11575 | D:10     | Noticed Urug
 11611 | D:10     | Killed Urug
 11729 | D:10     | Reached XP level 11. HP: 75/75 MP: 16/22
 11852 | D:10     | Found a staircase to the Lair.
 12222 | D:10     | Got a distressingly furry scale mail
 12237 | D:10     | Identified the +5 scale mail of Joelos {rElec SInv} (You found it on level 10 of the Dungeon)
 12254 | D:10     | Found Cachyex's Food Boutique.
 12519 | D:11     | Noticed Grum
 12547 | D:11     | Reached skill level 12 in Summonings
 12553 | D:11     | Reached *** piety under Kikubaaqudgha
 12553 | D:11     | Received a gift from Kikubaaqudgha
 12559 | D:11     | Killed Grum
 12566 | D:11     | Identified Kikubaaqudgha's Collected Works on Evil Secrets (Kikubaaqudgha gifted it to you on level 11 of the Dungeon)
 12913 | D:11     | Reached skill level 1 in Air Magic
 12925 | D:11     | Noticed a salamander stormcaller
 12948 | D:11     | Killed a salamander stormcaller
 12948 | D:11     | Reached skill level 5 in Necromancy
 13134 | D:11     | Noticed a centaur warrior
 13246 | Lair:1   | Entered Level 1 of the Lair of Beasts
 13455 | Lair:1   | Identified a scroll of acquirement
 13593 | Lair:1   | Noticed manyhoops's ghost (journeyman OgBe)
 15366 | Lair:3   | Reached **** piety under Kikubaaqudgha
 15571 | Lair:3   | Found a hole to the Spider Nest.
 15571 | Lair:3   | Noticed an orb spider
 15604 | Lair:3   | Killed an orb spider
 16886 | Lair:4   | Noticed an eight-headed hydra
 16909 | Lair:4   | Killed an eight-headed hydra
 17473 | Lair:5   | Reached ***** piety under Kikubaaqudgha
 18158 | Lair:5   | Reached XP level 12. HP: 31/81 MP: 19/24
 18267 | Lair:1   | Learned a level 4 spell: Animate Dead
 18724 | Lair:6   | Noticed a six-headed hydra
 18734 | Lair:6   | Killed a six-headed hydra
 18898 | Lair:6   | Reached skill level 13 in Summonings
 18981 | Lair:6   | Found a staircase to the Swamp.
 19665 | Lair:6   | Noticed a five-headed hydra
 19671 | Lair:6   | Killed a five-headed hydra
 20231 | Lair:7   | Found a blossoming altar of Fedhas.
 20488 | Lair:7   | Noticed an eight-headed hydra
 20499 | Lair:7   | Killed an eight-headed hydra
 20829 | Lair:7   | Noticed a four-headed hydra
 20836 | Lair:7   | Killed a four-headed hydra
 21021 | Lair:8   | Entered Level 8 of the Lair of Beasts
 21051 | Lair:8   | Reached skill level 10 in Dodging
 21113 | Lair:8   | Noticed a death yak
 21116 | Lair:8   | Noticed a death yak
 21118 | Lair:8   | Noticed a death yak
 21247 | Lair:8   | Noticed a seven-headed hydra
 21253 | Lair:8   | Killed a seven-headed hydra
 21253 | Lair:8   | Reached ****** piety under Kikubaaqudgha
 21432 | Lair:8   | Killed a death yak
 21435 | Lair:8   | Killed a death yak
 21442 | Lair:8   | Killed a death yak
 21544 | Lair:8   | Reached skill level 14 in Summonings
 21592 | Lair:8   | Noticed a death yak
 21594 | Lair:8   | Noticed a death yak
 21596 | Lair:8   | Noticed a death yak
 21597 | Lair:8   | Noticed a death yak
 21597 | Lair:8   | Noticed a catoblepas
 21603 | Lair:8   | Killed a death yak
 21605 | Lair:8   | Killed a death yak
 21616 | Lair:8   | Killed a death yak
 21616 | Lair:8   | Reached skill level 1 in Charms
 21618 | Lair:8   | Killed a death yak
 21782 | Lair:8   | Noticed a death yak
 21782 | Lair:8   | Noticed a deep troll shaman
 21789 | Lair:8   | Killed a catoblepas
 21791 | Lair:8   | Killed a deep troll shaman
 21796 | Lair:8   | Killed a death yak
 21848 | Lair:8   | Noticed a five-headed hydra
 21905 | Lair:8   | Killed a five-headed hydra
 21905 | Lair:8   | Reached XP level 13. HP: 73/86 MP: 17/26
 22107 | Lair:8   | Found a basalt altar of Yredelemnul.
 22682 | Lair:8   | Found a staircase to the Slime Pits.
 22877 | Lair:8   | Got a jewelled cloak
 22899 | Lair:8   | Identified the +0 cloak of Tiommosch {+Inv Str+3 Dex-3} (You found it on level 8 of the Lair of Beasts)
 24376 | D:11     | Noticed Psyche
 24392 | D:11     | Killed Psyche
 24698 | Lair:1   | Learned a level 7 spell: Summon Hydra
 24871 | D:12     | Noticed an Ice Fiend
 24992 | D:12     | Noticed ReniFell's ghost (journeyman MiFi)
 25152 | D:12     | Found a staircase to the Orcish Mines.
 25234 | Orc:1    | Entered Level 1 of the Orcish Mines
 25797 | Orc:2    | Entered Level 2 of the Orcish Mines
 25797 | Orc:2    | Found a staircase to the Elven Halls.
 25813 | Orc:2    | Found Ciomuj's Distillery.
 25956 | Orc:2    | Found a roughly hewn altar of Beogh.
 26061 | Orc:2    | Found Yczeyrph's Gadget Shoppe.
 26095 | Orc:2    | Found an ancient bone altar of Kikubaaqudgha.
 26159 | Orc:2    | Noticed Nergalle
 26175 | Orc:2    | Found Xadypse's Book Emporium.
 26204 | Orc:2    | Found a radiant altar of Vehumet.
 26268 | Orc:2    | Found Loffaewi's Magic Scroll Emporium.
 26294 | Orc:2    | Killed from afar by an orc sorcerer

Skill      XL: |  1  2  3  4  5  6  7  8  9 10 11 12 13 |
---------------+----------------------------------------+-----
Fighting       | 1 2 3 |  3.0
Stealth        | 4 5 |  5.0
Armour         | 1 2 3 |  3.0
Dodging        | 3 4 5 7 8 9 10 11 | 11.3
Spellcasting   | 3 4 5 6 7 8 9 |  9.0
Summonings     | 5 7 9 10 11 12 14 | 14.5
Necromancy     | 1 4 6 8 9 |  9.3
Air Magic      | 3 4 |  4.0
Charms         | 2 4 |  4.8

Action                   |  1- 3 |  4- 6 |  7- 9 | 10-12 | 13-15 || total
-------------------------+-------+-------+-------+-------+-------++-------
Melee: Dagger            |   173 |     1 |       |       |       ||   174
       Unarmed           |     9 |       |       |       |       ||     9
       Bite              |    10 |    16 |    34 |   106 |    31 ||   197
       Spear             |    15 |    30 |       |       |       ||    45
       Staff             |       |   115 |   225 |       |    30 ||   370
       Trident           |       |       |    80 |  1314 |   291 ||  1685
 Cast: Summon Small Mamm |    24 |    36 |    90 |       |       ||   150
       Call Imp          |       |    14 |    65 |   139 |    20 ||   238
       Call Canine Famil |       |       |    42 |   102 |    29 ||   173
       Summon Lightning  |       |       |       |    43 |    21 ||    64
       Summon Butterflie |       |       |       |     4 |     1 ||     5
       Regeneration      |       |       |       |     9 |     3 ||    12
       Animate Dead      |       |       |       |    12 |    10 ||    22
       Sublimation of Bl |       |       |       |     2 |     1 ||     3
       Summon Hydra      |       |       |       |       |     4 ||     4
Invok: Receive Corpses   |       |       |       |       |     1 ||     1
Evoke: Wand              |       |     8 |     6 |    18 |     2 ||    34
       Staff of energy   |       |       |     1 |       |       ||     1
  Use: Scroll            |     4 |     5 |    14 |    12 |     3 ||    38
       Potion            |       |       |     4 |     7 |     2 ||    13
 Stab: Sleeping          |     5 |     6 |     3 |    23 |     4 ||    41
       Distracted        |     2 |     4 |     7 |    25 |     6 ||    44
       Paralysed         |       |       |       |     2 |       ||     2
       Invisible         |       |       |       |     3 |       ||     3
       Petrified         |       |       |       |     1 |       ||     1
  Eat: Corpse            |    15 |    10 |    34 |    73 |    19 ||   151
Armor: Ring mail         |    72 |    37 |   139 |   503 |    91 ||   842
       Robe              |       |       |       |       |    30 ||    30
Dodge: Dodged            |   106 |    77 |   252 |  1127 |   358 ||  1920
Block: Other             |       |     3 |    29 |    73 |    26 ||   131
